 Dungeon Crawl Stone Soup version 0.31.0-12-g77e489cdc1 (webtiles) character file.

Game seed: 13409824798466420740

66 jimonade the Ruffian (level 3, -10/33 HPs)
             Began as a Troll Warper on Mar 2, 2024.
             Mangled by Crazy Yiuf
             ... wielding a +3 quarterstaff of chaos
              (16 damage)
             ... on level 2 of the Dungeon.
             The game lasted 00:02:50 (1355 turns).

jimonade the Ruffian (Troll Warper)                 Turns: 1355, Time: 00:02:51

Health: -10/33     AC:  4    Str: 21    XL:     3   Next: 96%
Magic:  12/12      EV:  9    Int:  9    God:
Gold:   71         SH:  0    Dex:  9    Spells: 4/4 levels left

rFire   . .          .
                       - Unarmed
rCold   . . .        (no shield)
rNeg    . . .        a - +0 robe
rPois   .            (helmet restricted)
rElec   .            (no cloak)
rCorr   .            (gloves unavailable)
SInv    .            (boots unavailable)
Will    .....        (no amulet)
Stlth   +            i - ring of magical power
HPRegen 1.05/turn    (no ring)
MPRegen 0.13/turn

%: no passive effects
@: no status effects
A: large, unfitting armour, claws 3, regeneration 1, shaggy fur 1, tough skin 1
a: no special abilities


You were on level 2 of the Dungeon.
You visited 1 branch of the dungeon, and saw 2 of its levels.

You collected 71 gold pieces.

Inventory:

Missiles
 c - 7 darts of dispersal (quivered)
 g - 5 curare-tipped darts
 j - 15 stones
Armour
 a - a +0 robe (worn)
Jewellery
 i - a ring of magical power (left claw)
Scrolls
 b - 2 scrolls of blinking
 e - a scroll of noise {unknown}
 h - a scroll of brand weapon {unknown}
 k - 3 scrolls of identify {unknown}
Potions
 d - a potion of haste {unknown}
 f - a potion of attraction {unknown}
 l - a potion of heal wounds {unknown}


   Skills:
 - Level 1.5 Fighting
 - Level 0.8 Throwing
 - Level 1.9 Dodging
 + Level 4.3 Unarmed Combat
 - Level 1.2 Spellcasting
 - Level 2.1 Translocations


You had 4 spell levels left.
You didn't know any spells.
Your spell library contained the following spells:

 Spells                   Type           Power      Damage    Failure   Level
 Blink                    Tloc           8%         N/A       22%         2
 Lesser Beckoning         Tloc           8%         N/A       22%         2
 Freeze                   Ice            0%         1d3       36%         1
 Teleport Other           Tloc           4%         N/A       41%         3
 Frozen Ramparts          Ice            0%         1d1       73%         3
 Hailstorm                Conj/Ice       0%         3d5       73%         3
 Manifold Assault         Tloc           4%         N/A       82%         4
 Vhi's Electric Charge    Tloc/Air       4%         N/A       93%         4


Dungeon Overview and Level Annotations

Branches:
Dungeon (2/15) Zot: 10650

Altars:

Annotations:
D:2 Crazy Yiuf


Innate Abilities, Weirdness & Mutations

You are too large for most types of armour.
You have claws for hands.
Your natural rate of healing is unusually fast.
You are covered in fur. (AC +1)
You have tough skin. (AC +1)


Message History

You kill the ball python!
You closely miss the rat. The rat barely misses you.
You closely miss the rat. The goblin hits you but does no damage.
The rat bites you but does no damage.
You closely miss the rat. The goblin hits you with a +0 dagger.
The rat bites you but does no damage.
You scratch the rat.
You kill the rat!
The goblin closely misses you.
You miss the goblin. You scratch the goblin.
You kill the goblin!
No target in view!
Things that are here:
a +0 dagger; a goblin corpse You now have 42 gold pieces (gained 4).
Found a scale mail.
A hobgoblin comes into view.
The hobgoblin shouts!
A hobgoblin is nearby!
You barely miss the hobgoblin. The hobgoblin hits you.
You claw the hobgoblin!
You kill the hobgoblin!
No target in view!
You see here a hobgoblin corpse.
You see here a +0 scale mail.
Found a stone staircase leading down.
A jackal comes into view.
The jackal barks!
You hear a bark!
The jackal bites you but does no damage.
The jackal bites you.
You scratch the jackal.
You kill the jackal!
You see here a jackal corpse.
A jackal comes into view.
The jackal barks!
The jackal bites you.
You miss the jackal. The jackal bites you.
You closely miss the jackal. The jackal barely misses you.
You barely miss the jackal. The jackal bites you.
The jackal bites you but does no damage.
You claw the jackal!
You kill the jackal!
No target in view!
No target in view!
You see here a jackal corpse.
A goblin comes into view. It is wielding a +0 dagger.
The goblin shouts!
You hear a shout!
A hobgoblin comes into view.
The goblin closely misses you.
You barely miss the goblin. The goblin hits you but does no damage.
You barely miss the goblin. Your claw misses the goblin.
The goblin completely misses you.
You claw the goblin!
You kill the goblin!
The hobgoblin hits you but does no damage.
You claw the hobgoblin!
You kill the hobgoblin!
No target in view!
No target in view!
Found a pair of boots.
A jackal comes into view.
Things that are here:
a +0 dagger; a goblin corpse An endoplasm comes into view.
Found a plate armour.
The jackal barks!
The endoplasm quivers.
The jackal bites you.
There are monsters nearby!
You closely miss the jackal. The jackal misses you.
You claw the jackal!
You kill the jackal!
The endoplasm hits you but does no damage.
You claw the endoplasm!
You kill the endoplasm!
No target in view!
No target in view!
You now have 55 gold pieces (gained 13).
You now have 71 gold pieces (gained 16).
You open the door.
There is an open door here.
You see here a +0 pair of boots.
Found five hammers.
Found a runed translucent door.
You see here a +0 hammer.
You see here a +0 hammer.
Found a hammer.
As you open the door, it creaks loudly!
You closely miss Crazy Yiuf. Your claw misses Crazy Yiuf.
Crazy Yiuf hits you with a +3 quarterstaff of chaos!
Crazy Yiuf burns you.
You barely miss Crazy Yiuf.
Crazy Yiuf hits you with a +3 quarterstaff of chaos!
* * * LOW HITPOINT WARNING * * *
Crazy Yiuf burns you.
* * * LOW HITPOINT WARNING * * *
You scratch Crazy Yiuf.
Crazy Yiuf is moderately wounded.
Crazy Yiuf hits you with a +3 quarterstaff of chaos!
You die...

####[#####...####...#
#....# #...# #####
##.#### #...# #..#
##### #.## #.#
#.##### ### #.....##
###).)#
#......####@g)..#
##......#))##.).#
##....#.### ###
########


You could see Crazy Yiuf.

Vanquished Creatures
  2 adders (D:2)
  2 dart slugs (D:1)
  3 endoplasms
  2 giant cockroaches
  5 goblins
  5 hobgoblins
  5 jackals (D:2)
  6 ball pythons
  2 bats (D:2)
  2 frilled lizards
  A kobold (D:1)
  8 rats
43 creatures vanquished.

Notes
Turn   | Place    | Note
-------+----------+-------------------------------------------
     0 | D:1      | jimonade the Troll Warper began the quest for the Orb.
     0 | D:1      | Reached XP level 1. HP: 19/19 MP: 1/1
   241 | D:1      | Reached XP level 2. HP: 27/27 MP: 2/2
   455 | D:1      | Reached skill level 3 in Unarmed Combat
  1104 | D:2      | Reached XP level 3. HP: 33/33 MP: 3/3
  1120 | D:2      | Reached skill level 4 in Unarmed Combat
  1348 | D:2      | Found a runed translucent door.
  1349 | D:2      | Noticed Crazy Yiuf
  1355 | D:2      | Mangled by Crazy Yiuf

Illustrated notes

Levels and vault maps discovered:
D:1:      onia_arrival_handbag, layout_loops_corners
D:2:      layout_basic, minmay_misc_feat_room, uniq_crazy_yiuf_cottage

Skill      XL: |  1  2  3 |
---------------+----------+-----
Unarmed Combat | 3 4 |  4.3
Fighting       | |  1.5
Throwing       | |  0.8
Dodging        | |  1.9
Spellcasting   | |  1.2
Translocations | |  2.1

Action                     || total
---------------------------++-------
  Melee: Unarmed           ||    98
         Punch             ||     2
   Stab: Sleeping          ||     2
 Armour: Robe              ||    54
  Dodge: Dodged            ||    35
